 Dungeon Sprint DCSS version 0.27-a0-1512-g99fd57bada (webtiles) character file.

Game seed: 4725694743546773854

903 Conn the Arsonist (level 8, -4/48 HPs)
             Began as an Octopode Fire Elementalist on July 9, 2021.
             Was an Initiate of Sif Muna.
             Slain by a polar bear (5 damage)
             ... while paralysed by a hornet
             ... in the Dungeon (Sprint II: "The Violet Keep of Menkaure").
             The game lasted 00:05:05 (336 turns).

Conn the Arsonist (Octopode Fire Elementalist)       Turns: 336, Time: 00:05:06

Health: -4/48      AC:  1    Str:  7    XL:     8   Next: 7%
Magic:  1/18       EV:  2    Int: 19    God:    Sif Muna [......]
Gold:   243        SH:  0    Dex: 13    Spells: 4/20 levels left

rFire    . . .     SeeInvis .     - Unarmed
rCold    . . .     Faith    .   (no shield)
rNeg     . . .     Spirit   .   (helmet restricted)
rPois    .         Reflect  .   (no amulet)
rElec    .         Harm     .   (no ring)
rCorr    .         Rampage  .   (no ring)
Will     .....     NoTele   +   (no ring)
Stlth    +++++.....             (no ring)
HPRegen  0.16/turn              (no ring)
MPRegen  0.16/turn              (no ring)
                                (no ring)
                                (no ring)

@: paralysed, lethally poisoned (-4 -> -14), unable to read, slowed
A: almost no armour, amphibious, 8 rings, camouflage 1, gelatinous body 1,
(nimble swimmer 1), tentacles, inability to read while threatened
a: Renounce Religion


You were in the Dungeon.
You worshipped Sif Muna.
Sif Muna was noncommittal.
You visited 1 branch You collected 243 gold pieces.

Inventory:

Scrolls
 f - a scroll of blinking
Potions
 d - a potion of magic


   Skills:
 + Level 1.6 Fighting
 + Level 6.7 Dodging
 + Level 7.7 Stealth
 - Level 3.6 Unarmed Combat
 + Level 6.9 Spellcasting
 + Level 2.6 Conjurations
 + Level 12.3 Fire Magic


You had 4 spell levels left.
You knew the following spells:

 Your Spells              Type           Power      Damage    Failure   Level
a - Foxfire               Conj/Fire      100%       2x1d9     1%          1
b - Conjure Flame         Conj/Fire      35%        6-21      1%          3
c - Inner Flame           Hex/Fire       30%        N/A       2%          3
d - Sticky Flame          Conj/Fire      35%        2d5       4%          4
e - Fireball              Conj/Fire      17%        3d9       13%         5

Your spell library contained the following spells:

 Spells                   Type           Power      Damage    Failure   Level


Dungeon Overview and Level Annotations

Branches:
Dungeon (1/1)

Altars:
Cheibriados
Dithmenos
Elyvilon
Fedhas
Gozag
Hepliaklqana
Kikubaaqudgha
Makhleb
Nemelex Xobeh
Okawaru
Qazlal
Ru
Sif Muna
Trog
Uskayaw
Vehumet
Wu Jian
Xom
Yredelemnul
Zin
The Shining One
Beogh
Jiyva
Lugonu


Innate Abilities, Weirdness & Mutations

You cannot wear most types of armour.
You are amphibious.
You can wear up to eight rings at the same time.
Your skin changes colour to match your surroundings (Stealth+).
Your rubbery body absorbs attacks. (AC +1, EV +1)
((You are camouflaged near water. (Stealth+)))
You have tentacles for arms and can constrict up to eight enemies at once.
You sometimes lose the ability to read scrolls when taking damage.


Message History

Confirm with . or Enter, or press ? or * to list all spells.
The spell is quite dangerous to cast (13% risk of failure)!
Continue anyway?
Okay, then.
Casting: Fireball (quite dangerous; 13% risk of failure)
Confirm with . or Enter, or press ? or * to list all spells.
The spell is quite dangerous to cast (13% risk of failure)!
Continue anyway?
Aiming: Fireball (quite dangerous; 13% risk of failure)
Press: ? - help, Shift-Dir - straight line, f - polar bear
Aim: a polar bear The fireball explodes!
The fireball engulfs the polar bear!
The polar bear is moderately wounded.
You can read scrolls again.
The polar bear bites you.
You feel threatened and lose the ability to read scrolls!
The polar bear closely misses you. The polar bear claws you.
Casting: Fireball (quite dangerous; 13% risk of failure)
Confirm with . or Enter, or press ? or * to list all spells.
Aiming: Sticky Flame (dangerous; 4% risk of failure)
Press: ? - help, Shift-Dir - straight line, f - hornet, p - polar bear
Aim: a hornet (100% to hit)
The sticky flame hits the hornet.
The hornet is lightly wounded.
The hornet is covered in liquid flames!
The hornet burns!
The hornet stings you!
* * * LOW HITPOINT WARNING * * *
You feel yourself slow down. The polar bear closely misses you.
The polar bear misses you. The polar bear claws you.
* * * LOW HITPOINT WARNING * * *
The hornet barely misses you.
Okay, then.
You cannot read scrolls in your current state!
You feel better.
The hornet burns! x2; The hornet stings you.
* * * LOW HITPOINT WARNING * * *
You are poisoned.
You suddenly lose the ability to move!
The polar bear bites you!
* * * LOW HITPOINT WARNING * * *
The polar bear claws you.
* * * LOW HITPOINT WARNING * * *
The polar bear claws you.
You die...

#....###...##▓▓▓▓▓▓▓+
##§.....≈≈≈≈≈≈≈≈s≈≈≈≈.
#≈≈.....≈#c########+###
≈≈≈≈≈≈§.≈#.._._._.#§§§##
≈≈≈≈§≈≈.÷#._._._..#§§§§##
≈≈§≈§≈≈§≈#_._.h._.#§§≈§§#
≈≈≈≈§≈≈§≈#._._._._#§§§§≈≈
≈≈≈≈≈≈≈≈≈#.._._.hy#§§§≈≈≈
#≈≈≈###≈≈#..._._@_#S§≈§§S
##≈≈# #≈§#...._._.#≈≈§§≈≈
+≈§# #≈≈#....._._#≈§§§▓▓
§≈≈≈≈≈≈##########≈≈≈§▓z
#######≈≈≈≈≈≈S≈≈≈≈≈≈▓z
≈≈≈≈###≈########≈▓▓▓▓▓
§≈§§§##≈# ▓▓ 8≈§§≈§+≈#
≈≈≈§§####


You could see 2 polar bears, a yaktaur, a hornet (burning), 2 water moccasins
and a scorpion.

Vanquished Creatures
  A polar bear (D)
  4 neqoxecs (D)
  3 scorpions (D)
8 creatures vanquished.

Vanquished Creatures (others)
  Menkaure (D)
  A water moccasin (D)
  4 foxfires (D)
6 creatures vanquished.

Grand Total: 14 creatures vanquished

Notes
Turn   | Place    | Note
-------+----------+-------------------------------------------
     0 | D        | Conn the Octopode Fire Elementalist began the quest for the
                  | Orb.
     0 | D        | Reached XP level 1. HP: 11/11 MP: 3/3
     1 | D        | Noticed a wyvern
     1 | D        | Noticed a wyvern
     5 | D        | Noticed a neqoxec
     5 | D        | Noticed a neqoxec
     5 | D        | Noticed a neqoxec
     5 | D        | Noticed a neqoxec
    12 | D        | Killed a neqoxec
    13 | D        | Reached skill level 7 in Fire Magic
    13 | D        | Reached XP level 2. HP: 8/17 MP: 4/7
    13 | D        | Reached XP level 3. HP: 10/21 MP: 4/8
    13 | D        | Reached XP level 4. HP: 13/27 MP: 5/10
    13 | D        | Reached XP level 5. HP: 15/31 MP: 5/11
    18 | D        | Killed a neqoxec
    19 | D        | Reached skill level 5 in Stealth
    19 | D        | Reached skill level 5 in Spellcasting
    19 | D        | Reached skill level 9 in Fire Magic
    19 | D        | Reached XP level 6. HP: 19/36 MP: 5/13
    21 | D        | Killed a neqoxec
    22 | D        | Reached skill level 5 in Dodging
    22 | D        | Reached skill level 10 in Fire Magic
    30 | D        | Gained mutation: You sometimes lose the ability to read
                  | scrolls when taking damage. [a neqoxec]
    32 | D        | Killed a water moccasin
    45 | D        | Killed a neqoxec
    46 | D        | Reached skill level 11 in Fire Magic
    46 | D        | Reached XP level 7. HP: 13/42 MP: 6/16
    59 | D        | Learned a level 3 spell: Conjure Flame
    63 | D        | Learned a level 3 spell: Inner Flame
    67 | D        | Killed Menkaure
    68 | D        | Learned a level 4 spell: Sticky Flame
    74 | D        | Learned a level 5 spell: Fireball
    84 | D        | Found a hazy altar of Hepliaklqana.
    84 | D        | Found a snail-covered altar of Cheibriados.
    88 | D        | Found a stormy altar of Qazlal.
    88 | D        | Found a viscous altar of Jiyva.
    88 | D        | Found a shadowy altar of Dithmenos.
    89 | D        | Found a sacrificial altar of Ru.
    89 | D        | Found an ancient bone altar of Kikubaaqudgha.
    89 | D        | Found a white marble altar of Elyvilon.
    90 | D        | Found an ornate altar of the Wu Jian Council.
    90 | D        | Found a shimmering blue altar of Sif Muna.
    90 | D        | Found a corrupted altar of Lugonu.
    90 | D        | Found a blossoming altar of Fedhas.
    91 | D        | Found a shimmering altar of Xom.
    91 | D        | Found a bloodstained altar of Trog.
    91 | D        | Found a burning altar of Makhleb.
    92 | D        | Found a glowing golden altar of the Shining One.
    92 | D        | Found a basalt altar of Yredelemnul.
    92 | D        | Found a hide-covered altar of Uskayaw.
    93 | D        | Found a glowing silver altar of Zin.
    97 | D        | Reached skill level 1 in Fighting
    97 | D        | Found a radiant altar of Vehumet.
    99 | D        | Found a sparkling altar of Nemelex Xobeh.
   100 | D        | Found an opulent altar of Gozag.
   100 | D        | Found an iron altar of Okawaru.
   104 | D        | Became a worshipper of Sif Muna the Loreminder
   113 | D        | Noticed an orange crystal statue
   125 | D        | Noticed a flying skull
   125 | D        | Noticed a flying skull
   129 | D        | Noticed a flying skull
   319 | D        | Noticed a hornet
   319 | D        | Noticed a polar bear
   319 | D        | Noticed a polar bear
   320 | D        | Noticed a yaktaur
   322 | D        | Noticed a polar bear
   332 | D        | Killed a polar bear
   333 | D        | Reached skill level 12 in Fire Magic
   333 | D        | Reached XP level 8. HP: 28/48 MP: 9/18
   336 | D        | Paralysed by a hornet for 2 turns
   336 | D        | HP: 1/48 [polar bear (5)]
   336 | D        | Slain by a polar bear

Illustrated notes

Levels and vault maps discovered:
D:        the_violet_keep_of_menkaure [sprint2_stairs_cluster_1,
          sprint2_shoproom, sprint2_temple, sprint2_basic_supplies,
          sprint2_obstacle_7, sprint2_obstacle_4, sprint2_obstacle_2,
          sprint2_obstacle_6, sprint2_obstacle_5, sprint2_timed_cluster_1,
          sprint2_smallroom_cluster_1, sprint2_smallroom_final_cluster_1,
          sprint2_transparent_cluster_1, sprint2_second_timed_cluster_1,
          sprint2_sniper_area_1, sprint2_heavy_combat_area_1,
          sprint2_mutation_trap_area_1, sprint2_forest_area_1,
          sprint2_light_combat_area_1, sprint2_behind_water_1,
          sprint2_near_end_vault_1]

Skill      XL: |  1  2  3  4  5  6  7 |
---------------+----------------------+-----
Dodging        | 4 5 6 |  6.7
Stealth        | 4 5 6 7 |  7.7
Unarmed Combat | 2 3 |  3.6
Spellcasting   | 4 5 6 |  6.9
Fire Magic     | 7 9 11 12 | 12.3
Conjurations   | 2 |  2.6
Fighting       | 1 |  1.6

Action                   |  1- 3 |  4- 6 |  7- 9 || total
-------------------------+-------+-------+-------++-------
Melee: Unarmed           |     6 |    11 |     2 ||    19
       Tentacles         |     1 |     5 |       ||     6
       Constrict         |     1 |     3 |       ||     4
       Punch             |       |     1 |       ||     1
 Cast: Foxfire           |       |     2 |       ||     2
       Sticky Flame      |       |       |     4 ||     4
       Fireball          |       |       |     3 ||     3
  Use: Potion            |     2 |     1 |     2 ||     5
Dodge: Dodged            |     2 |     3 |     7 ||    12

Table legend: (Time is in decaauts)
 A = Elapsed time spent in this place.
 B = Non-inter-level travel time spent in this place.
 C = Inter-level travel time spent in this place.
 D = Time resting spent in this place.
 E = Time spent auto-exploring this place.
 F = Levels seen in this place.
 G = Mean time per level.
                   A        B        C        D        E       F      G
               +--------+--------+--------+--------+--------+-----+--------+
         Total |    325 |    325 |      0 |    190 |      0 |   1 |  325.0 |
       Dungeon |    325 |    325 |      0 |    190 |      0 |   1 |  325.0 |
               +--------+--------+--------+--------+--------+-----+--------+

Top non-repeatable levels by time:
       D: 325 daAuts
